Map: Ruins of Seras

Players

shivi

  • Race: Zerg Zerg
  • League: Platinum

Trizztein - Winner!

  • Race: Terran Terran
  • League: Platinum

VOD

Have the link to the VOD?

Description

Time

  • Played on: Jan. 2, 2016, 6:56 p.m.
  • Length: 15:19
Show
View Real Time Build Order
Export as new Build Order

shivi Zerg 

Build Orders: Hatch First, Muta Ling Bane 

Get SALT Encoding   

  12  0:01  Drone  
  13  0:11  Drone  
  14  0:23  Overlord  
  14  0:28  Drone, Extractor  
  15  0:50  Hatchery  
  14  1:04  Spawning Pool  
  14  1:10  Drone  
  14  1:12  Drone  
  15  1:22  Drone  
  16  1:27  Overlord  
  16  1:32  Drone  
  17  1:51  Queen  
  17  1:54  Extractor, Zergling x2  
  19  1:56  Zergling x2  
  20  2:08  Queen  
  22  2:09  Drone x2  
  22  2:15  Drone x2  
  25  2:25  Zergling x2  
  26  2:36  Drone  
  27  2:38  Drone  
  27  2:39  Overlord  
  28  2:47  Drone  
  29  2:52  Overlord  
  29  2:57  Drone  
  31  2:58  Drone  
  31  3:04  Drone  
  31  3:05  Drone  
  33  3:16  Drone x2  
  33  3:17  Overlord  
  35  3:21  Overlord  
  35  3:22  Drone  
  35  3:26  Drone  
  37  3:27  Baneling Nest  
  37  3:29  Drone, Extractor  
  37  3:31  Drone  
  37  3:35  Drone  
  37  3:38  Metabolic Boost  
  38  3:42  Drone  
  38  3:43  Drone  
  38  3:45  Drone  
  38  3:47  Drone  
  42  3:49  Drone  
  43  3:57  Drone  
  44  4:04  Overlord  
  44  4:06  Drone x2  
  44  4:09  Drone  
  47  4:11  Lair  
  47  4:13  Zergling x4  
  49  4:17  Extractor  
  49  4:19  Extractor  
  49  4:23  Zergling x4  
  40  4:47  Drone x2  
  42  4:55  Drone x3  
  42  4:57  Overlord  
  42  4:58  Drone  
  46  5:02  Drone  
  46  5:04  Zergling x2  
  46  5:06  Drone  
  49  5:21  Spore Crawler  
  45  5:22  Spore Crawler  
  45  5:27  Hatchery  
  38  5:38  Spore Crawler  
  37  5:44  Spore Crawler  
  37  5:45  Spore Crawler  
  37  5:48  Overseer  
  37  5:49  Drone x2  
  38  5:50  Drone  
  33  5:58  Queen  
  34  6:09  Drone  
  34  6:10  Drone x2  
  36  6:22  Drone x4  
  36  6:25  Drone  
  41  6:34  Spore Crawler  
  40  6:43  Centrifical Hooks  
  40  6:48  Drone, Spire  
  40  6:58  Queen  
  42  7:01  Drone x2  
  42  7:02  Drone  
  46  7:08  Drone x2  
  46  7:15  Drone x2  
  49  7:24  Overlord  
  49  7:29  Drone x3  
  52  7:30  Evolution Chamber  
  52  7:31  Drone  
  52  7:32  Evolution Chamber  
  52  7:33  Drone  
  52  7:35  Drone  
  53  7:37  Overseer  
  53  7:41  Spore Crawler  
  49  7:44  Spore Crawler  
  49  7:50  Zergling x4  
  49  7:51  Zergling x6  
  46  8:36  Queen  
  46  8:37  Queen  
  50  8:41  Mutalisk  
  50  8:42  Mutalisk x10  
  72  8:51  Extractor  
  71  8:56  Mutalisk x2  
  71  8:57  Spore Crawler  
  71  8:59  Overseer x2  
  74  9:03  Baneling x5  
  74  9:05  Baneling  
  74  9:06  Baneling  
  74  9:12  Drone x2  
  76  9:25  Mutalisk x2  
  76  9:26  Mutalisk  
  76  9:29  Overlord  
  82  9:31  Drone  
  82  9:34  Zerg Flyer Weapons Level 1  
  83  9:51  Zergling x2  
  83  9:52  Hatchery, Zergling x4  
  85  9:58  Zerg Melee Weapons Level 1  
  85  9:59  Zerg Ground Armor Level 1  
  85  10:10  Mutalisk  
  85  10:13  Overlord  
  87  10:15  Zergling x8  
  88  10:47  Mutalisk x3  
  88  10:48  Zergling x10  
  88  10:49  Zergling x2  
  97  11:02  Mutalisk  
  99  11:08  Zergling x4  
  99  11:09  Zergling x2  
  99  11:10  Queen  
  104  11:17  Overlord x2  
  104  11:23  Drone  
  104  11:24  Overlord  
  105  11:29  Baneling  
  105  11:30  Baneling x10  
  105  11:32  Overlord  
  105  11:43  Overlord  
  105  11:44  Mutalisk  
  107  12:16  Mutalisk x4  
  107  12:18  Zergling x10  
  107  12:19  Zergling x8  
  124  12:30  Mutalisk  
  124  12:31  Zergling x4  
  124  12:32  Zergling x2  
  124  12:36  Baneling  
  129  12:37  Baneling x4  
  83  13:05  Zergling x18  
  89  13:07  Baneling x6  
  92  13:19  Zergling x2  
  93  13:20  Zergling x4  
  93  13:30  Zergling x6  
  96  13:36  Zergling x2  
  96  13:37  Zergling x10  
  96  13:39  Zergling x2  
  96  13:40  Zergling x4  
  104  13:43  Zergling x2  
  104  13:44  Zergling x2  
  93  13:55  Mutalisk  
  93  13:56  Mutalisk, Zergling x4  
  66  14:04  Zergling x2  
  66  14:05  Baneling  
  66  14:06  Baneling x3  
  66  14:07  Baneling x3  
  65  14:15  Zergling x12  
  65  14:16  Zergling x8  
  64  14:19  Zergling x2  
  64  14:20  Zergling x2  
  52  14:40  Mutalisk, Zergling x2  
  52  14:41  Zergling x2  
  51  14:49  Zergling x2  
  51  14:50  Zergling x10  
  57  14:53  Zergling x2  
Show
View Real Time Build Order
Export as new Build Order

Trizztein Terran - Winner!

Build Orders: Reaper Expand, Hellion Banshee, Mech 

Get SALT Encoding   

  12  0:00  SCV  
  13  0:13  SCV  
  14  0:18  Supply Depot  
  14  0:25  SCV  
  15  0:39  SCV  
  15  0:41  Barracks  
  16  0:45  Refinery  
  16  0:52  SCV  
  17  1:04  SCV  
  18  1:16  SCV  
  19  1:31  Reaper, Orbital Command  
  20  1:45  Command Center  
  20  1:53  Supply Depot  
  20  2:03  SCV  
  20  2:05  Marine  
  22  2:14  Factory  
  22  2:27  SCV  
  22  2:29  Barracks Reactor, Refinery  
  23  2:39  SCV  
  24  2:52  SCV  
  25  3:02  Orbital Command  
  25  3:03  Starport  
  25  3:05  SCV  
  26  3:10  Hellion x2  
  30  3:17  SCV  
  30  3:19  Barracks Tech Lab  
  31  3:23  Orbital Command  
  31  3:29  SCV  
  31  3:31  Supply Depot  
  31  3:33  Hellion x2  
  36  3:41  SCV  
  37  3:51  Banshee, Cloaking Field  
  37  3:53  SCV  
  41  3:55  Widow Mine  
  41  3:57  Hellion  
  41  3:58  Barracks Tech Lab  
  41  4:00  SCV  
  46  4:05  SCV  
  47  4:11  Supply Depot  
  47  4:12  SCV  
  47  4:16  Supply Depot  
  48  4:18  SCV  
  43  4:39  SCV x2  
  43  4:42  Banshee  
  46  4:47  Supply Depot  
  46  4:51  SCV x2  
  48  4:52  Refinery  
  48  4:53  Refinery  
  48  4:54  Hellion x2  
  52  5:03  SCV x2  
  54  5:08  Command Center  
  54  5:14  Widow Mine  
  54  5:15  SCV  
  54  5:16  SCV  
  58  5:23  Hellion  
  58  5:27  SCV  
  61  5:28  Banshee, SCV  
  65  5:39  SCV  
  65  5:40  SCV  
  67  5:49  Supply Depot  
  66  5:52  SCV  
  62  6:02  Hellion x2  
  62  6:03  Marauder  
  66  6:18  SCV  
  66  6:19  SCV  
  66  6:21  Orbital Command  
  66  6:23  Factory  
  66  6:24  Factory, Starport Reactor  
  66  6:25  Engineering Bay  
  68  6:27  Armory  
  68  6:29  Armory  
  68  6:30  SCV  
  68  6:31  SCV  
  68  6:32  Hellion x2  
  74  6:43  SCV x2, Marauder  
  74  6:46  Orbital Command  
  78  6:51  Supply Depot  
  78  6:54  Hellion x2  
  82  6:55  SCV  
  82  6:59  Liberator x2  
  82  7:00  Supply Depot  
  82  7:01  Supply Depot  
  83  7:03  SCV  
  90  7:25  Factory Tech Lab, Siege Tank  
  90  7:28  Hellion x2  
  97  7:31  SCV x2  
  97  7:33  SCV  
  100  7:43  SCV  
  100  7:44  SCV  
  102  7:46  SCV  
  103  7:54  Hellion x2, Siege Tank  
  103  7:55  SCV  
  103  7:56  SCV  
  103  7:57  Siege Tank  
  103  7:58  SCV  
  116  8:08  SCV  
  117  8:41  Refinery  
  117  8:42  Refinery  
  117  8:53  Supply Depot x2  
  117  8:56  Supply Depot, SCV x3  
  117  8:57  Hellion x2  
  124  9:09  SCV  
  125  9:14  Supply Depot x3, Terran Vehicle Weapons Level 1, Terran Vehicle And Ship Armor Level 1, SCV x2  
  125  9:15  Hellion x2, Infernal Pre-Igniter  
  131  9:18  Hellion  
  131  9:23  Command Center  
  133  9:29  Hellion  
  133  9:30  Command Center  
  135  9:32  Liberator x2  
  135  9:36  Siege Tank  
  138  9:52  Missile Turret  
  144  9:53  Starport  
  144  9:57  Starport  
  144  10:00  Factory  
  144  10:01  Factory  
  144  10:06  Missile Turret  
  144  10:11  Missile Turret  
  144  10:12  Missile Turret  
  144  10:15  Liberator  
  144  10:19  Barracks Reactor  
  145  10:37  Liberator  
  145  10:38  Liberator  
  130  10:50  Liberator  
  135  10:59  Thor x2, Liberator  
  135  11:02  SCV x2  
  141  11:20  Missile Turret, Liberator  
  141  11:21  Missile Turret, Liberator  
  141  11:30  Planetary Fortress  
  141  11:35  Missile Turret x2  
  141  11:39  Fusion Core  
  147  11:41  Building Armor  
  147  11:46  Missile Turret  
  147  12:02  Liberator x2  
  147  12:11  Refinery  
  147  12:12  Refinery  
  147  12:13  Missile Turret  
  147  12:15  Missile Turret  
  147  12:22  Hellion x3, Missile Turret  
  141  12:52  Hellion  
  141  12:53  Hellion x6  
  155  13:04  Command Center  
  155  13:21  Hi-Sec Auto Tracking  
  155  13:30  Command Center  
  140  14:08  Hellion, Siege Tank x2  
  140  14:09  Hellion x2  
  152  14:15  Factory Tech Lab  
  148  14:19  Hellion  
  150  14:25  Starport Tech Lab  
  150  14:30  Hellion  
  150  14:35  Planetary Fortress  
Tags
 
Add a new tag
Caveats
  • Supply blocks, unpowered buildings, or Contaminate may cause inaccurate times.
  • Supply counts are checked every 10 seconds.